 Dungeon Crawl Stone Soup version 0.26.1-11-gd32895ea62 (webtiles) character file.

Game seed: 5664315194325735677

18109 eliilek the Basher (level 12, 106/106 HPs)
             Began as a Minotaur Berserker on June 12, 2021.
             Was a High Priest of Trog.
             Quit the game on level 1 of the Lair of Beasts on Aug 9, 2021.
             The game lasted 00:44:50 (16741 turns).

eliilek the Basher (Minotaur Berserker)            Turns: 16741, Time: 00:44:50

Health: 106/106    AC: 21    Str: 23    XL:     12   Next: 24%
Magic:  11/11      EV: 11    Int:  4    God:    Trog [*****.]
Gold:   755        SH:  9    Dex: 20    Spells: 11/11 levels left

rFire    + . .     SeeInvis .   a - +4 whip "Lawnuotz" {vorpal, rElec}
rCold    + . .     Faith    .   F - +2 buckler {rC+}
rNeg     . . .     Spirit   .   w - +1 plate armour {rF+}
rPois    .         Reflect  .   (helmet restricted)
rElec    +         Harm     .   E - +0 cloak (curse)
rCorr    .         Rampage  .   u - +1 pair of gloves
Will     +....                  (no boots)
Stlth    ..........             (no amulet)
HPRegen  0.27/turn              G - ring of willpower
MPRegen  0.12/turn              x - +6 ring of dexterity

@: no status effects
A: retaliatory headbutt, horns 2
a: Renounce Religion, Berserk, Trog's Hand, Brothers in Arms


You were on level 1 of the Lair of Beasts.
You worshipped Trog.
Trog was extremely pleased with you.
You visited 2 branches of the dungeon, and saw 13 of its levels.
You also visited: Sewer.

You collected 797 gold pieces.
You spent 42 gold pieces at shops.

Inventory:

Hand Weapons
 a - the +4 whip "Lawnuotz" (weapon) {vorpal, rElec}
   (You found it on level 5 of the Dungeon)

   It inflicts extra damage upon your enemies.
   It insulates you from electricity.
 b - a +0 hunting sling
Missiles
 e - 412 stones (quivered)
 v - 17 sling bullets
 D - 3 atropa-tipped darts
Armour
 u - a +1 pair of gloves (worn)
 w - a +1 plate armour of fire resistance (worn)
 E - a cursed +0 cloak (worn)
 F - a +2 buckler of cold resistance (worn)
Jewellery
 c - an uncursed ring of see invisible
 x - a +6 ring of dexterity (right hand)
 C - an uncursed ring of protection from cold
 G - a ring of willpower (left hand)
Wands
 d - a wand of enslavement (13)
 t - a wand of flame (42)
 z - a wand of disintegration (15)
 B - a wand of paralysis (8)
Scrolls
 f - 14 scrolls of teleportation
 g - 7 scrolls of remove curse
 h - 3 scrolls of fog
 i - a scroll of holy word {unknown}
 j - a scroll of fear {unknown}
 l - a scroll of enchant armour {unknown}
 n - a scroll of magic mapping {unknown}
 y - 3 scrolls of enchant weapon
 I - a scroll of summoning {unknown}
Potions
 k - 9 potions of curing
 m - 3 potions of might
 o - 4 potions of haste
 p - 4 potions of flight
 q - 2 potions of invisibility
 r - a potion of lignification
 s - a potion of mutation {unknown}
 A - 2 potions of heal wounds


   Skills:
 - Level 10.0 Fighting
 + Level 13.4 Maces & Flails
 - Level 6.0 Slings
 * Level 13.3 Armour
 - Level 6.0 Dodging
 + Level 7.9 Shields


You had 11 spell levels left.
You didn't know any spells.
Your spell library was empty.

Dungeon Overview and Level Annotations

Branches:
Dungeon (11/15)            Temple (0/1) D:4            Lair (2/6) D:11
    Orc (0/2) D:10          Sewer (visited)
  Swamp: Lair:2-4    Shoals: Lair:2-4     Snake: Lair:2-4    Spider: Lair:2-4

Altars:
Ashenzari
Cheibriados
Dithmenos
Elyvilon
Fedhas
Hepliaklqana
Okawaru
Vehumet

Shops:
D:6 !


Innate Abilities, Weirdness & Mutations

You reflexively headbutt those who attack you in melee.
You have a pair of horns on your head.


Message History

There is a staircase back to the Dungeon here.
You whack the rat!
You kill the rat!
Trog accepts your kill.
You hit the rat.
You kill the rat!
Trog accepts your kill.
No target in view!
b - a +0 hunting sling (weapon)
A rat is nearby!
a - the +4 whip "Lawnuotz" (weapon)
{vorpal, rElec} You whack the rat!
You kill the rat!
Trog accepts your kill.
Saving game... please wait.
Welcome back, eliilek the Minotaur Berserker.
Trog says: Kill them all!
Press ? for a list of commands and other information.
Unknown command.
Are you sure you want to abandon this character and quit the game? (Confirm with "yes".)

##.......P# #.r###......
#........## #...........
##.......# ####........ #.......#
#.#......... ##.....##
##.......... #......#
##.....#..... ## #.....##
##.....##..... .####.....#
#######.............
.#P###...#####..@†...............
....##...##......................
.................................
.................................
.......................l.........
.....#...##......................
.###.#...######..................
## ##.....## #.####.............
# #.......# ### ##.....##.....


You could see a komodo dragon (wandering).

Vanquished Creatures
  A fire dragon (D:11)
  Harold (D:6)
  A two-headed ogre (D:8)
  3 ugly things
  A cyclops (D:11)
  A centaur zombie (D:11)
  A black mamba (Lair:1)
  A gargoyle (D:10)
  9 cane toads
  3 komodo dragons (Lair:1)
  2 trolls
  A hornet (D:9)
  Prince Ribbit (D:5)
  4 blink frogs (Lair:1)
  A wyvern (D:9)
  5 yaks (D:10)
  A wraith (D:10)
  5 water moccasins
  Purgy (Sewer)
  2 eyes of draining
  5 orc warriors
  3 ice beasts
  3 black bears
  2 sky beasts
  3 ogres
  5 phantoms
  4 centaurs
  8 wolves
  2 big kobolds (D:11)
  8 bullfrogs
  A gnoll sergeant (D:10)
  4 scorpions
  A water moccasin skeleton (D:7)
  10 killer bees
  7 wights
  2 electric eels (D:8)
  2 howler monkeys
  2 bullfrog zombies (D:11)
  5 hounds
  4 bullfrog skeletons
  3 centaur skeletons
  4 jellies
  6 orc priests
  Crazy Yiuf (D:7)
  3 iguanas
  13 orc wizards
  2 hell rats (Lair:1)
  15 worker ants
  2 hound skeletons
  9 gnolls
  15 adders
  A howler monkey skeleton (D:4)
  9 river rats
  A shadow imp (D:5)
  A white imp (D:7)
  2 ufetubi
  An ooze (D:5)
  An adder skeleton (D:9)
  A worm (D:2)
  5 dart slugs
  7 leopard geckos
  41 orcs
  6 ball pythons
  5 bats
  4 giant cockroaches
  7 goblins
  10 hobgoblins
  6 jackals
  18 kobolds
  12 quokkas
  10 frilled lizards
  2 leopard gecko skeletons
  A quokka skeleton (D:5)
  12 rats
362 creatures vanquished.

Vanquished Creatures (collateral kills)
  A cane toad (Lair:1)
  A hell rat (Lair:1)
  A river rat (Lair:1)
3 creatures vanquished.

Vanquished Creatures (others)
  17 fungi
  72 plants
89 creatures vanquished.

Grand Total: 454 creatures vanquished

Notes
Turn   | Place    | Note
-------+----------+-------------------------------------------
     0 | D:1      | eliilek the Minotaur Berserker began the quest for the Orb.
     0 | D:1      | Reached XP level 1. HP: 19/19 MP: 0/0
   319 | D:1      | Reached XP level 2. HP: 27/27 MP: 1/1
   474 | D:1      | You fall into a shaft and drop 1 floor!
   670 | D:1      | Reached XP level 3. HP: 26/33 MP: 2/2
  1201 | D:2      | Reached ** piety under Trog
  1467 | D:2      | Found a faded altar of an unknown god.
  1784 | D:2      | Reached XP level 4. HP: 40/40 MP: 3/3
  1911 | D:2      | Reached skill level 5 in Maces & Flails
  2044 | D:2      | Noticed a bullfrog
  2053 | D:2      | Killed a bullfrog
  2323 | D:3      | Reached XP level 5. HP: 46/47 MP: 4/4
  2361 | D:3      | Found a hazy altar of Hepliaklqana.
  2541 | D:3      | Found a glowing drain.
  2553 | Sewer    | Entered a sewer
  2798 | Sewer    | Noticed Purgy
  2822 | Sewer    | Killed Purgy
  2823 | Sewer    | Reached skill level 5 in Fighting
  2823 | Sewer    | Reached XP level 6. HP: 16/56 MP: 5/5
  3354 | D:3      | You fall into a shaft and drop 3 floors!
  3356 | D:6      | Got an iridescent hand axe
  3356 | D:6      | Identified the +7 hand axe "Goblinbane" {vorpal, rPois}
                  | (You found it on level 6 of the Dungeon)
  3391 | D:5      | Entered Level 5 of the Dungeon
  3445 | D:5      | Noticed Prince Ribbit
  3550 | D:4      | Noticed an orc warrior
  4390 | D:4      | Reached *** piety under Trog
  4394 | D:4      | Reached XP level 7. HP: 47/62 MP: 6/6
  4564 | D:4      | Reached skill level 5 in Armour
  4786 | D:4      | Found a staircase to the Ecumenical Temple.
  5781 | D:5      | Reached XP level 8. HP: 71/71 MP: 7/7
  5790 | D:5      | Found a large runed translucent door.
  5790 | D:5      | Found a large runed translucent door.
  5812 | D:5      | Reached skill level 1 in Slings
  5880 | D:5      | Found a large runed translucent door.
  5880 | D:5      | Found a large runed translucent door.
  5885 | D:5      | Identified the Collected Works on the Sinister Oath
  6079 | D:5      | Noticed a troll
  6086 | D:5      | Killed a troll
  6577 | D:5      | Found a blossoming altar of Fedhas.
  6793 | D:5      | Killed Prince Ribbit
  6933 | D:5      | Got a twisted whip
  6933 | D:5      | Identified the +4 whip "Lawnuotz" {vorpal, rElec} (You
                  | found it on level 5 of the Dungeon)
  7009 | D:6      | Found Nylev's Distillery.
  7022 | D:6      | Bought a potion of curing for 42 gold pieces
  7162 | D:6      | Reached skill level 10 in Maces & Flails
  7205 | D:6      | Reached XP level 9. HP: 78/80 MP: 8/8
  7305 | D:6      | Found a white marble altar of Elyvilon.
  7305 | D:6      | Found a radiant altar of Vehumet.
  7305 | D:6      | Found an iron altar of Okawaru.
  8230 | D:7      | Noticed Harold
  8292 | D:6      | Killed Harold
  8293 | D:6      | Reached skill level 5 in Slings
  8642 | D:7      | Found a runed translucent door.
  8643 | D:7      | Noticed Crazy Yiuf
  8652 | D:7      | Killed Crazy Yiuf
  8695 | D:7      | Found a snail-covered altar of Cheibriados.
  9068 | D:8      | Reached **** piety under Trog
  9095 | D:8      | Found a transporter.
  9312 | D:8      | Found a transporter.
  9370 | D:8      | Reached XP level 10. HP: 88/88 MP: 9/9
  9631 | D:8      | Noticed a two-headed ogre
  9642 | D:8      | Killed a two-headed ogre
  9643 | D:8      | Reached skill level 10 in Armour
 10494 | D:9      | Reached skill level 1 in Shields
 10502 | D:9      | Paralysed by a hornet for 3 turns
 10716 | D:9      | Found a shadowy altar of Dithmenos.
 10873 | D:9      | Found a broken altar of Ashenzari.
 11015 | D:9      | Reached ***** piety under Trog
 11696 | D:10     | Entered Level 10 of the Dungeon
 11782 | D:10     | Noticed a gargoyle
 11795 | D:10     | Killed a gargoyle
 11892 | D:10     | Reached skill level 5 in Dodging
 12030 | D:10     | Found a staircase to the Orcish Mines.
 12205 | D:10     | Reached XP level 11. HP: 99/99 MP: 10/10
 12448 | D:10     | Reached skill level 10 in Fighting
 12449 | D:10     | Received a gift from Trog
 12884 | D:11     | Noticed a cyan ugly thing
 12988 | D:10     | Killed a cyan ugly thing
 13295 | D:11     | Reached skill level 5 in Shields
 13550 | D:11     | Found a staircase to the Lair.
 13626 | D:11     | Identified the +9 war axe of Werurixyudgh {elec, Fragile
                  | rF+ Will+}
 13853 | D:11     | Noticed a fire dragon
 13881 | D:11     | Killed a fire dragon
 14167 | D:11     | Noticed a white ugly thing
 14169 | D:11     | Noticed a white ugly thing
 14177 | D:11     | Killed a white ugly thing
 14189 | D:11     | Killed a white ugly thing
 14752 | Lair:1   | Entered Level 1 of the Lair of Beasts
 14847 | Lair:1   | You fall into a shaft and drop 1 floor!
 15389 | Lair:1   | Reached XP level 12. HP: 106/106 MP: 11/11
 16291 | Lair:1   | HP: 5/106 [poisoned by a black mamba]
 16296 | Lair:1   | HP: 3/106 [poisoned by a black mamba]
 16303 | Lair:1   | HP: 2/106 [poisoned by a black mamba]
 16310 | Lair:1   | HP: 2/106 [poisoned by a black mamba]
 16318 | Lair:1   | HP: 2/106 [poisoned by a black mamba]
 16741 | Lair:1   | Quit the game

Illustrated notes

Levels and vault maps discovered:
D:1:      sevenhm_arrival_forest_fort_large_2, layout_loops_ring
D:2:      layout_basic, chequers_ecumenical_altar_simple
D:3:      layout_loops_cross, general_overflow_altar, portal_sewer_entry_e,
          kennysheep_another_room, grunt_decor_mini_mirrors
D:4:      layout_loops_corners, minmay_temple_entry_poolview,
          chequers_ossuary_entry_cave, serial_glass, glass_columns_a,
          glass_columns_b, hex_tiny, serial_bayou_lagoon_a,
          small_statue_intersection
D:5:      layout_loops_corners, fedhas_altar_fruit_tree,
          minmay_hollow_rounded_squares, uniq_prince_ribbit1
D:6:      layout_rooms, gammafunk_temple_overflow_claw, serial_shops, shop,
          minmay_small_thing
D:7:      layout_cave_pods, kennysheep_mini_moat, uniq_crazy_yiuf_cottage,
          uniq_harold
D:8:      gammafunk_steamed_eel, layout_loops_ring
D:9:      layout_cave_pods, ashenzari_conservatory_becter, basic_altar,
          kennysheep_small_square
D:10:     layout_roguey, david_orc_2
D:11:     dragon1_lemuel, layout_loops_cross, due_lair_maze_entry_diamond
Lair:1:   lemuel_ratsnest, layout_hall_layers
Lair:2:   layout_regular_city, uniq_fannar

Skill      XL: |  1  2  3  4  5  6  7  8  9 10 11 12 |
---------------+-------------------------------------+-----
Maces & Flails | 4 5 6 7 8 10 12 13 | 13.4
Fighting       | 4 5 6 7 8 9 10 | 10.0
Armour         | 3 4 6 7 8 10 12 13 | 13.3
Slings         | 3 5 6 |  6.0
Dodging        | 6 |  6.0
Shields        | 4 7 |  7.9

Action                   |  1- 3 |  4- 6 |  7- 9 | 10-12 || total
-------------------------+-------+-------+-------+-------++-------
Melee: Mace              |    76 |    79 |       |       ||   155
       Headbutt          |    14 |    15 |    53 |   210 ||   292
       Hand axe          |       |    39 |    71 |       ||   110
       Whip              |       |       |    93 |   701 ||   794
 Fire: Hunting sling     |       |     8 |   107 |   119 ||   234
Throw: Stone             |     5 |     2 |     2 |       ||     9
Invok: Berserk           |       |     2 |     1 |     1 ||     4
       Brothers in Arms  |       |       |       |     1 ||     1
  Use: Scroll            |       |       |     9 |     5 ||    14
 Stab: Distracted        |     1 |       |       |       ||     1
Armor: Animal skin       |    10 |       |       |       ||    10
       Ring mail         |     5 |    56 |     2 |       ||    63
       Plate armour      |       |       |    49 |   216 ||   265
Dodge: Dodged            |    47 |    63 |    49 |   209 ||   368
Block: Buckler           |       |       |       |   168 ||   168
